 Dungeon Crawl Stone Soup version 0.30-a0-1157-g2cc9ac7196 (webtiles) character file.

Game seed: 15084749892569715963

182 cforsyth the Caller (level 5, 0/38 HPs)
             Began as a Demigod Summoner on Apr 25, 2023.
             Succumbed to a scorpion's poison
             ... on level 4 of the Dungeon.
             The game lasted 00:05:32 (3843 turns).

cforsyth the Caller (Demigod Summoner)              Turns: 3843, Time: 00:05:33

Health: 0/38       AC:  3    Str:  9    XL:     5   Next: 12%
Magic:  6/13       EV: 12    Int: 21    God:
Gold:   205        SH:  0    Dex: 14    Spells: 2/11 levels left

rFire   . . .        (no weapon)
rCold   . . .        (no shield)
rNeg    . . .        a - +0 robe
rPois   .            (no helmet)
rElec   .            q - +0 cloak
rCorr   .            (no gloves)
SInv    .            (no boots)
Will    .....        (no amulet)
Stlth   ++           (no ring)
HPRegen 0.26/turn    (no ring)
MPRegen 0.13/turn

%: no passive effects
@: lethally poisoned (0 -> -9), attractive
A: high MP 1, forlorn, divine attributes
a: no special abilities


You were on level 4 of the Dungeon.
You visited 1 branch of the dungeon, and saw 4 of its levels.

You collected 205 gold pieces.

Inventory:

Armour
 a - a +0 robe (worn)
 q - a +0 cloak (worn)
Jewellery
 c - a ring of poison resistance
 m - a ring of magical power
 u - an amulet of reflection
Wands
 v - a wand of flame (19)
Scrolls
 d - a scroll of amnesia {unknown}
 e - 2 scrolls of teleportation {unknown}
 f - a scroll of vulnerability {unknown}
 j - 2 scrolls of identify {unknown}
 l - a scroll of noise {unknown}
 o - a scroll of blinking {unknown}
 p - a scroll of fear {unknown}
 t - 2 scrolls of enchant weapon {unknown}
 w - a scroll of torment {unknown}
 x - a scroll of enchant armour {unknown}
Potions
 b - a potion of magic
 g - 2 potions of curing {unknown}
 h - 2 potions of attraction
 i - a potion of heal wounds {unknown}
 k - a potion of haste {unknown}
 n - 3 potions of lignification {unknown}
 r - a potion of degeneration {unknown}
 s - a potion of brilliance {unknown}


   Skills:
 - Level 1.7 Dodging
 - Level 1.7 Stealth
 + Level 3.5 Spellcasting
 + Level 5.0 Summonings


You had 2 spell levels left.
You knew the following spells:

 Your Spells              Type           Power      Damage    Failure   Level
a - Summon Small Mammal   Summ           96%        N/A       1%          1
b - Call Imp              Summ           48%        N/A       2%          2
c - Call Canine Familiar  Summ           24%        N/A       4%          3
d - Summon Guardian Gole  Hex/Summ       14%        N/A       14%         3

Your spell library contained the following spells:

 Spells                   Type           Power      Damage    Failure   Level
 Blink                    Tloc           6%         N/A       19%         2
 Lesser Beckoning         Tloc           6%         N/A       19%         2
 Momentum Strike          Conj/Tloc      6%         3d8       19%         2
 Sublimation of Blood     Necr           3%         N/A       19%         2
 Wereblood                Tmut           3%         N/A       19%         2
 Stone Arrow              Conj/Erth      6%         3d7       36%         3
 Animate Armour           Summ/Erth      28%        N/A       41%         4
 Summon Lightning Spire   Summ/Air       14%        N/A       41%         4
 Summon Hydra             Summ           12%        N/A       100%        7
 Lehudib's Crystal Spear  Conj/Erth      1%         10d2      100%        8


Dungeon Overview and Level Annotations

Branches:
Dungeon (4/15)
 Temple: D:4-7


Innate Abilities, Weirdness & Mutations

You have an increased reservoir of magic. (+10% MP)
You shall have no god before yourself.
Your divine heritage dramatically boosts your attributes as you level up.


Message History

Your bat barely misses the howler monkey.
Your cerulean imp barely misses the black bear.
The black bear bites your guardian golem.
The black bear claws your guardian golem.
The black bear claws your guardian golem but does no damage.
Your hound bites the iguana.
The howler monkey hits you but does no damage.
The iguana closely misses your hound. The scorpion stings you.
You are lethally poisoned!
The scorpion poisons you!
A goblin comes into view. It is wielding a +0 dagger.
Your guardian golem overheats!
Unknown command.
* * * LOW HITPOINT WARNING * * *
You feel very sick.
Your hound completely misses the iguana.
Your cerulean imp hits the black bear with a -2 spear.
Your bat barely misses the black bear.
The black bear bites your guardian golem but does no damage.
The black bear claws your guardian golem but does no damage. x2
The iguana closely misses your hound.
Unknown command.
* * * LOW HITPOINT WARNING * * *
You feel sick.
Your bat hits the black bear but does no damage.
Your hound bites the iguana but does no damage.
Your cerulean imp closely misses the black bear.
The howler monkey hits you.
* * * LOW HITPOINT WARNING * * *
The black bear bites your guardian golem but does no damage.
The black bear claws your guardian golem but does no damage.
The black bear claws your guardian golem.
Flame seeps out of your guardian golem.
Your hound bites the iguana.
The iguana misses your hound.
Your guardian golem is engulfed in blazing flames.
Flame seeps out of your guardian golem.
Unknown command.
It was a potion of attraction.
You feel attractive to monsters.
You die...

#........#
#....
######...#
#....
#...##..##
#....
#.).....##
#..รท.
#........+
#...<
#...##...#
+....
#...##..##
#.... #...#####
##+## #@s..+
#.h.## ###
...##9..##.....
#..gh5b........
#+###..lh......
#..........
#........>.
#......^...
+..........


You could see a black bear (ally target), a scorpion, a howler monkey, an iguana
(distracted, ally target), a friendly guardian golem (summoned, inner flame), a
friendly hound (summoned, sheltered), a friendly cerulean imp (summoned,
sheltered) and a friendly bat (summoned, sheltered).

Vanquished Creatures
  3 endoplasms
  A hobgoblin (D:1)
  A jackal (D:2)
  A bat (D:1)
  A rat (D:1)
7 creatures vanquished.

Vanquished Creatures (collateral kills)
  An ogre (D:4)
  3 adders
  A dart slug (D:4)
  7 ball pythons
  9 endoplasms
  A giant cockroach (D:4)
  A goblin (D:2)
  4 hobgoblins
  6 jackals (D:2)
  3 quokkas
  7 bats
  3 frilled lizards
  8 kobolds
  9 rats
63 creatures vanquished.

Grand Total: 70 creatures vanquished

Notes
Turn   | Place    | Note
-------+----------+-------------------------------------------
     0 | D:1      | cforsyth the Demigod Summoner began the quest for the Orb.
     0 | D:1      | Reached XP level 1. HP: 14/14 MP: 5/5
   279 | D:1      | Reached XP level 2. HP: 17/20 MP: 2/7
   286 | D:1      | Learned a level 2 spell: Call Imp
   820 | D:1      | Reached skill level 4 in Summonings
  1455 | D:2      | Reached XP level 3. HP: 17/26 MP: 4/9
  2177 | D:3      | Learned a level 3 spell: Call Canine Familiar
  2644 | D:3      | Reached XP level 4. HP: 31/33 MP: 6/11
  3568 | D:4      | Noticed an ogre
  3576 | D:4      | Killed an ogre
  3577 | D:4      | Reached XP level 5. HP: 38/38 MP: 8/13
  3587 | D:4      | Learned a level 3 spell: Summon Guardian Golem
  3644 | D:4      | Reached skill level 5 in Summonings
  3829 | D:4      | Noticed a black bear
  3843 | D:4      | Succumbed to a scorpion's poison

Illustrated notes

Levels and vault maps discovered:
D:1:      saegor_arrival_simple_c, layout_loops_ring, grunt_decor_fettered,
          minmay_3d_cube
D:2:      layout_loops_ring, hellmonk_ecumenical_altar_lost_god
D:3:      layout_loops_corners, mainiacjoe_overflow_boulevard,
          chequers_serial_rivers_micro_d, solitary_fountain,
          chequers_serial_rivers_room_b, kennysheep_generic_room_4
D:4:      layout_gridville

Skill      XL: |  1  2  3  4  5 |
---------------+----------------+-----
Spellcasting   | 2 3 |  3.5
Summonings     | 4 5 |  5.0
Dodging        | |  1.7
Stealth        | |  1.7

Action                     |  1- 3 |  4- 6 || total
---------------------------+-------+-------++-------
  Melee: Unarmed           |    48 |    10 ||    58
         Punch             |       |     1 ||     1
   Cast: Summon Small Mamm |    63 |    16 ||    79
         Call Imp          |    17 |     7 ||    24
         Call Canine Famil |     2 |     9 ||    11
         Summon Guardian G |       |     1 ||     1
    Use: Potion            |       |     1 ||     1
 Armour: Robe              |    20 |    13 ||    33
  Dodge: Dodged            |    63 |    27 ||    90

Table legend: (Time is in decaauts)
 A = Elapsed time spent in this place.
 B = Non-inter-level travel time spent in this place.
 C = Inter-level travel time spent in this place.
 D = Time resting spent in this place.
 E = Time spent auto-exploring this place.
 F = Levels seen in this place.
 G = Mean time per level.
                   A        B        C        D        E       F      G
               +--------+--------+--------+--------+--------+-----+--------+
         Total |   3847 |   3762 |     85 |      0 |   3090 |   4 |  961.8 |
       Dungeon |   3847 |   3762 |     85 |      0 |   3090 |   4 |  961.8 |
               +--------+--------+--------+--------+--------+-----+--------+

Top non-repeatable levels by time:
     D:3: 1386 daAuts
     D:1: 1141 daAuts
     D:2: 981 daAuts
     D:4: 337 daAuts
